 Dungeon Crawl Stone Soup version 0.20.0-8-g6b59dc7 (webtiles) character file.

1817 IcySystem the Cleaver (level 9, -1/63 HPs)
             Began as an Octopode Fighter on May 29, 2017.
             Was an Initiate of Makhleb.
             Killed by divine providence
             ... invoked by an orc priest
              (9 damage)
             ... on level 7 of the Dungeon on May 30, 2017.
             The game lasted 00:18:44 (8113 turns).

IcySystem the Cleaver (Octopode Fighter)            Turns: 8113, Time: 00:18:45

Health: -1/63      AC:  1    Str: 15    XL:     9   Next: 10%
Magic:  9/9        EV: 13    Int: 10    God:    Makhleb [......]
Gold:   396        SH: 11    Dex: 15    Spells: 8/8 levels left

rFire    . . .     SeeInvis .   a - +1 war axe
rCold    . . .     Gourm    .   b - +1 shield
rNeg     . . .     Faith    .   (helmet restricted)
rPois    .         Spirit   .   (no amulet)
rElec    .         Reflect  .   (no ring)
rCorr    .         Harm     .   (no ring)
MR       .....                  (no ring)
Stlth    ++........             (no ring)
Regen    0.2/turn               (no ring)
MPRegen  0.2/turn               (no ring)
                                (no ring)
                                (no ring)

@: no status effects
A: almost no armour, stealthy swim, amphibious, 8 rings, constrict 8, camouflage
1, gelatinous body 1
a: Renounce Religion


You were on level 7 of the Dungeon.
You worshipped Makhleb.
Makhleb was noncommittal.
You were not hungry.

You visited 2 branches of the dungeon, and saw 8 of its levels.

You collected 396 gold pieces.

Inventory:

Hand Weapons
 a - a +1 war axe (weapon)
 e - a +0 dagger
Missiles
 i - 8 tomahawks (quivered)
Armour
 b - a +1 shield (worn)
Jewellery
 B - an uncursed ring of see invisible
Wands
 p - a wand of flame (23/48)
 r - a wand of enslavement (15/24)
 u - a wand of lightning (8/15)
 w - a wand of disintegration (16/24)
 C - a wand of random effects (25/48)
 E - a wand of lightning (6/15)
Scrolls
 h - 3 scrolls of identify
 k - 2 scrolls of teleportation
 m - a scroll of fog
 n - 2 scrolls of recharging
 q - 2 scrolls of remove curse
Potions
 c - 3 potions of might
 g - 3 potions of brilliance
 j - 2 potions of berserk rage {unknown}
 l - 3 potions of degeneration {unknown}
 s - 2 potions of haste
 t - a potion of mutation {unknown}
 x - a potion of cancellation {unknown}
 z - a potion of heal wounds {unknown}
 A - 2 potions of curing {unknown}
Books
 v - a book of Misfortune

   Spells                             Type                      Level
   a - Confusing Touch                Hexes                        1
   b - Confuse                        Hexes                        3
   c - Gell's Gravitas                Translocation                3
   d - Petrify                        Transmutation/Earth          4
   e - Metabolic Englaciation         Hexes/Ice                    5
   f - Yara's Violent Unravelling     Hexes/Transmutation          5
 y - a book of Necromancy

   Spells                             Type                      Level
   a - Pain                           Necromancy                   1
   b - Animate Skeleton               Necromancy                   1
   c - Vampiric Draining              Necromancy                   3
   d - Regeneration                   Charms/Necromancy            3
   e - Animate Dead                   Necromancy                   4
   f - Control Undead                 Necromancy                   4
Comestibles
 d - 6 bread rations
 f - 2 meat rations
 o - 5 royal jellies
 D - 2 fruits
 F - a chunk of flesh


   Skills:
 + Level 6.5 Fighting
 * Level 8.2 Axes
 - Level 3.0 Dodging
 + Level 6.4 Shields


You had 8 spell levels left.
You didn't know any spells.

Dungeon Overview and Level Annotations

Branches:
Dungeon (7/15)             Temple (1/1) D:6

Altars:
Ashenzari
Cheibriados
Elyvilon
Fedhas
Gozag
Hepliaklqana
Makhleb
Nemelex Xobeh
Qazlal
Sif Muna
Trog
Uskayaw
Vehumet
Yredelemnul
Zin
The Shining One

Shops:
D:4 =

Annotations:
D:3 IcySystem's ghost, amateur OpIE
D:7 Pikel


Innate Abilities, Weirdness & Mutations

You cannot wear most types of armour.
You are very stealthy in the water. (Stealth+)
You are amphibious.
You can wear up to eight rings at the same time.
You can use your tentacles to constrict eight enemies at once.
Your skin changes colour to match your surroundings (Stealth+).
Your rubbery body absorbs attacks. (AC +1, EV +1)


Message History

You constrict the orc wizard.
The orc wizard gestures at you while chanting.
The puff of flame hits you! You block the orc priest's attack.
You barely miss the orc priest. You grab the orc priest.
You slash the orc wizard! You constrict the orc wizard.
You kill the orc wizard!
Makhleb accepts your kill.
You constrict the orc priest. You block the orc priest's attack.
You slash the orc priest!
The orc priest is severely wounded.
You constrict the orc priest.
The orc priest calls down the wrath of Beogh upon you.
Beogh smites you!
* * * LOW HITPOINT WARNING * * *
You completely miss the orc priest.
The orc priest is severely wounded.
You constrict the orc priest.
The orc priest calls down the wrath of Beogh upon you.
Beogh smites you!
You die...

. ......###..o . .... .##.
#..#$.####o# ######.### ...
....##..#..##.... ############...
#....#..#...#....
§§§§§§§.#.....### #.....##..#....
#######.#..##...###..............
§§§§....#..##.....#.##.o...##....
#########..##...[o...#o.##..#....
..>....(........@)##........#....
.[.##.....#..#.##........#..###..
.#..÷)))...#...######.......####.
.###........##.)...###........###
## #........###....##...........#
##.....#........#.............
##.#########...............#.
#.#.......#...#...........#
#.#.......#...##.........##


You could see an orc priest.

Vanquished Creatures
  2 water moccasins
  A slave (D:7)
  A phantom (D:6)
  2 ogres (D:7)
  A centaur (D:7)
  A bullfrog (D:6)
  A scorpion (D:4)
  A howler monkey (D:6)
  2 crimson imps
  A centaur zombie (D:5)
  7 orc wizards
  A centaur skeleton (D:6)
  An orc priest (D:5)
  5 hounds
  A human zombie (D:6)
  4 iguanas
  6 worker ants
  2 hound skeletons
  6 gnolls
  13 adders
  An ooze (D:2)
  2 adder skeletons
  4 worms
  A dart slug (D:1)
  5 leopard geckos
  22 orcs
  4 bats
  4 giant cockroaches
  9 goblins
  11 hobgoblins
  16 jackals
  7 kobolds
  A quokka (D:6)
  2 ball pythons
  4 frilled lizards
  A leopard gecko zombie (D:6)
  4 rats
157 creatures vanquished.

Vanquished Creatures (others)
  A worker ant (D:7)
1 creature vanquished.

Grand Total: 158 creatures vanquished

Notes
Turn   | Place    | Note
-------+----------+-------------------------------------------
     0 | D:1      | IcySystem the Octopode Fighter began the quest for the Orb.
     0 | D:1      | Reached XP level 1. HP: 16/16 MP: 1/1
   171 | D:1      | Reached XP level 2. HP: 21/21 MP: 2/2
   619 | D:1      | Reached XP level 3. HP: 25/26 MP: 3/3
  1379 | D:2      | Reached skill level 3 in Axes
  1688 | D:2      | Reached XP level 4. HP: 32/32 MP: 4/4
  2179 | D:3      | Noticed IcySystem's ghost (amateur OpIE)
  2227 | D:3      | Reached XP level 5. HP: 37/37 MP: 5/5
  2907 | D:3      | Reached skill level 4 in Axes
  3423 | D:4      | Reached XP level 6. HP: 41/43 MP: 6/6
  3439 | D:4      | Found Vaarpho Qim's Jewellery Shoppe.
  4638 | D:4      | Reached skill level 5 in Axes
  4819 | D:5      | Entered Level 5 of the Dungeon
  4972 | D:5      | Reached XP level 7. HP: 15/49 MP: 7/7
  5713 | D:5      | Reached skill level 5 in Fighting
  5892 | D:5      | Reached skill level 5 in Shields
  5994 | D:5      | Reached skill level 6 in Axes
  6237 | D:6      | Found a blossoming altar of Fedhas.
  6240 | D:6      | Reached XP level 8. HP: 49/55 MP: 8/8
  6502 | D:6      | Found a staircase to the Ecumenical Temple.
  6540 | D:6      | Reached skill level 7 in Axes
  7087 | Temple   | Entered the Ecumenical Temple
  7119 | Temple   | Became a worshipper of Makhleb the Destroyer
  7721 | D:7      | Noticed Pikel
  7871 | D:7      | Reached skill level 8 in Axes
  7871 | D:7      | Reached XP level 9. HP: 46/63 MP: 9/9
  8113 | D:7      | Killed from afar by an orc priest

Skill      XL: |  1  2  3  4  5  6  7  8 |
---------------+-------------------------+-----
Axes           | 3 4 5 6 8 |  8.2
Fighting       | 4 5 6 |  6.5
Shields        | 4 5 6 |  6.4
Dodging        | |  3.0

Action                   |  1- 3 |  4- 6 |  7- 9 || total
-------------------------+-------+-------+-------++-------
Melee: War axe           |    81 |   132 |   156 ||   369
       Constrict         |    21 |    43 |    45 ||   109
       Tentacles         |     9 |    27 |    44 ||    80
  Use: Scroll            |       |       |     9 ||     9
 Stab: Sleeping          |       |     7 |     3 ||    10
  Eat: Chunk             |     1 |    12 |    10 ||    23
Armor: Skin              |    14 |     5 |     5 ||    24
Dodge: Dodged            |    44 |    47 |    46 ||   137
Block: Shield            |    42 |    44 |    74 ||   160
